 Dungeon Crawl Stone Soup version 0.28.0-53-g5a82cb258f (webtiles) character file.

Game seed: 76231373201430870

96 H0rd4k the Charlatan (level 4, -4/32 HPs)
             Began as a Human Artificer on July 12, 2022.
             Slain by an orc
             ... wielding a +0 quarterstaff
              (8 damage)
             ... on level 3 of the Dungeon.
             The game lasted 00:02:05 (3497 turns).

H0rd4k the Charlatan (Human Artificer)              Turns: 3497, Time: 00:02:06

Health: -4/32      AC:  4    Str: 12    XL:     4   Next: 98%
Magic:  4/4        EV: 11    Int: 14    God:
Gold:   75         SH:  0    Dex: 13    Spells: 3/3 levels left

rFire   . . .      SeeInvis .   g - +0 mace
rCold   . . .      Faith    .   (no shield)
rNeg    . . .      Spirit   .   b - +0 leather armour
rPois   .          Reflect  .   i - +0 helmet
rElec   .          Harm     .   (no cloak)
rCorr   .          Rampage  .   (no gloves)
Will    +....                   (no boots)
Stlth   +.........              (no amulet)
HPRegen 0.10/turn               j - ring of willpower
MPRegen 0.09/turn               (no ring)

@: no status effects
A: no striking features
a: no special abilities


You were on level 3 of the Dungeon.
You visited 1 branch of the dungeon, and saw 3 of its levels.

You collected 75 gold pieces.

Inventory:

Hand Weapons
 g - a +0 mace (weapon)
Missiles
 m - 3 poisoned darts (quivered)
Armour
 b - a +0 leather armour (worn)
 i - a +0 helmet (worn)
Jewellery
 j - a ring of willpower (left hand)
Wands
 c - a wand of flame (11)
 d - a wand of charming (15)
Scrolls
 a - a scroll of noise {unknown}
 f - a scroll of amnesia {unknown}
 h - a scroll of immolation {unknown}
 k - 2 scrolls of fear {unknown}
 o - a scroll of enchant weapon {unknown}
 p - a scroll of summoning {unknown}
 q - a scroll of identify {unknown}
Potions
 l - a potion of curing {unknown}
 n - a potion of ambrosia {unknown}
 r - a potion of mutation {unknown}
Miscellaneous
 e - a piece from Xom's chessboard (15/15)


   Skills:
 + Level 1.4 Fighting
 + Level 2.3 Maces & Flails
 - Level 2.0 Armour
 + Level 1.7 Dodging
 - Level 1.0 Stealth
 + Level 4.0 Evocations


You had 3 spell levels left.
You didn't know any spells.
Your spell library contained the following spells:

 Spells                   Type           Power      Damage    Failure   Level
 Magic Dart               Conj           0%         1d3       36%         1
 Call Imp                 Summ           0%         N/A       50%         2
 Mephitic Cloud           Conj/Pois/Air  0%         N/A       73%         3


Dungeon Overview and Level Annotations

Branches:
Dungeon (3/15)

Altars:
Sif Muna

Shops:
D:3 :


Message History

You hit the orc.
The orc is moderately wounded.
The orc closely misses you. The orc barely misses you.
You hit the orc.
The orc is heavily wounded.
The orc closely misses you.
The kobold throws a stone.
The stone hits you.
The orc hits you with a +0 quarterstaff.
You hit the orc.
The orc is almost dead.
The kobold throws a stone.
The stone barely misses you. The orc barely misses you.
The orc hits you but does no damage.
You hit the orc but do no damage.
The orc is almost dead.
The orc hits you with a +0 quarterstaff.
The kobold barely misses you. The orc barely misses you.
You hit the orc but do no damage.
The orc is almost dead.
The orc closely misses you.
The kobold hits you with a +0 short sword.
There are monsters nearby!
There are monsters nearby!
There are monsters nearby!
You hit the orc but do no damage.
The orc is almost dead.
The orc hits you with a +0 quarterstaff!
The kobold hits you but does no damage.
The orc hits you with a +0 quarterstaff.
The kobold barely misses you.
You closely miss the orc.
The orc is almost dead.
The orc hits you with a +0 quarterstaff!
* * * LOW HITPOINT WARNING * * *
The orc completely misses you. The kobold hits you but does no damage.
The kobold hits you with a +0 short sword.
* * * LOW HITPOINT WARNING * * *
The orc hits you but does no damage.
You see here a +0 dagger.
The orc closely misses you.
The orc hits you with a +0 quarterstaff!
You die...

##.......##.#†..#########.
##..........†............
##....###....[##########
#...8.# #.###.....
#.##<.###.# #.####
#.8.∩.8.#.###..
####..#.....>.## ####
#8.#####..## ##...# #...#
#.@# #.....# #...# #Ko#
....... #...####..#
.......
##.......)##.......
#.#####.?......... #.#
#........... #.#
##.##....... #. #.#
....... #. ... #...###


You could see an orc (berserk) and a kobold.

Vanquished Creatures
  A gnoll (D:1)
  2 adders (D:3)
  2 worms (D:2)
  4 endoplasms
  2 giant cockroaches
  2 hobgoblins (D:1)
  6 jackals (D:2)
  3 quokkas
  4 ball pythons
  8 bats
  5 frilled lizards
  7 goblins
  8 kobolds
  9 rats
63 creatures vanquished.

Vanquished Creatures (others)
  5 plants (D:3)
5 creatures vanquished.

Grand Total: 68 creatures vanquished

Notes
Turn   | Place    | Note
-------+----------+-------------------------------------------
     0 | D:1      | H0rd4k the Human Artificer began the quest for the Orb.
     0 | D:1      | Reached XP level 1. HP: 15/15 MP: 1/1
    77 | D:1      | Found a faded altar of an unknown god.
   354 | D:1      | Reached XP level 2. HP: 15/21 MP: 2/2
   916 | D:1      | Reached XP level 3. HP: 11/26 MP: 3/3
  1194 | D:1      | Reached skill level 4 in Evocations
  1858 | D:2      | Reached skill level 1 in Maces & Flails
  1978 | D:2      | Reached XP level 4. HP: 25/32 MP: 4/4
  3437 | D:3      | Found Kishurch's Book Shoppe.
  3482 | D:3      | Found a shimmering blue altar of Sif Muna.
  3497 | D:3      | Slain by an orc

Illustrated notes

Levels and vault maps discovered:
D:1:      dpeg_arrival_prison, layout_rooms, ebering_ecumenical_altar_ruins,
          minmay_liquid_box
D:2:      layout_basic, serial_bayou_pond_d
D:3:      layout_loops_ring, lemuel_round_altar,
          nemelex_xobeh_ov_fountains_minmay, serial_shops,
          nicolae_shop_statue_plus, minmay_misc_feat_tower, grunt_ministairs_7,
          st_stairs_7, minmay_lizard_king

Skill      XL: |  1  2  3  4 |
---------------+-------------+-----
Evocations     | 4 |  4.0
Maces & Flails | 1 2 |  2.3
Fighting       | |  1.4
Armour         | |  2.0
Dodging        | |  1.7
Stealth        | |  1.0

Action                   |  1- 3 |  4- 6 || total
-------------------------+-------+-------++-------
Melee: Club              |    13 |       ||    13
       Mace              |    99 |   106 ||   205
       Punch             |     1 |     1 ||     2
Evoke: Wand              |     3 |     1 ||     4
 Stab: Sleeping          |     7 |       ||     7
Armor: Leather armour    |    49 |    45 ||    94
Dodge: Dodged            |    81 |    77 ||   158
